AoeStats
← chenya_ko

Arabia

510903049Analyzed
1v1 RM · 6h ago on Oct 3, 2026· 42m 59s· 2 players
Game mode
Random Map
Map size
Tiny (2 player)
Population
200
Speed
Normal
Resources
Standard
Victory
Conquest
Starting age
Dark Age
Ending age
Imperial Age
RankedLock teamsTeams togetherTeam positionsShared explorationLock speedFull tech treeHidden civsTurbo modeCheats
Victory
Defeat
🇨🇦 Cumans · Canada
1076
+17
🇹🇼 Japanese · Taiwan
1095
-17
Jonninator
7:12 Loom
10:33 Feudal Age
20:25 Wheelbarrow
23:31 Bloodlines
23:38 Bloodlines
26:39 Castle Age
25:20 Forging
26:44 Bloodlines
26:42 Scale Barding Armor
27:45 Hand Cart
26:54 Capped Ram
28:52 Iron Casting
31:17 Chain Barding Armor
41:25 Imperial Age
41:51 Double-Bit Axe
41:30 Elite Steppe Lancer
42:49 Plate Barding Armor
43:15 Blast Furnace
43:45 Plate Barding Armor
chenya_ko
2:08 Loom
10:47 Feudal Age
10:58 Man-at-Arms
12:44 Double-Bit Axe
21:57 Wheelbarrow
22:50 Fletching
26:44 Castle Age
25:21 Forging
24:54 Horse Collar
25:11 Gold Mining
25:26 Arson
25:46 Scale Mail Armor
26:48 Long Swordsman
27:14 Gambesons
27:29 Squires
28:41 Iron Casting
28:37 Bow Saw
28:47 Pikeman
30:03 Chain Mail Armor
30:18 Town Watch
30:49 Hand Cart
Connection lost

Rejoining the realm…

Still unreachable

The connection could not be restored.

Session expired

The server has moved on; the page needs a fresh start.